 Dungeon Sprint DCSS version 0.21.1-1-g345015f (webtiles) character file.

8200000 Fang the Axe Maniac (level 27, -17/273 HPs)
             Began as a Minotaur Gladiator on May 3, 2018.
             Was the Champion of Makhleb.
             Demolished by a meat berserker
             ... wielding a +9 battleaxe
              (46 damage)
             ... in the Dungeon (Sprint VIII: "Arena of Blood").
             The game lasted 00:01:30 (82 turns).

Fang the Axe Maniac (Minotaur Gladiator)              Turns: 82, Time: 00:01:31

Health: -17/273    AC:  6    Str: 29    XL:     27
Magic:  31/53      EV: 32    Int:  5    God:    Makhleb [******]
Gold:   0          SH:  0    Dex: 15    Spells: 80/80 levels left

rFire    . . .     SeeInvis .   l - +∞ Axe of Woe
rCold    . . .     Gourm    .   (shield currently unavailable)
rNeg     . . .     Faith    .   b - +0 leather armour
rPois    .         Spirit   .   c - +0 hat
rElec    .         Reflect  .   (no cloak)
rCorr    .         Harm     .   (no gloves)
MR       ++...     NoTele   +   (no boots)
Stlth    +++++++++.             (no amulet)
HPRegen  0.00/turn              (no ring)
MPRegen  0.33/turn              (no ring)

@: marked, non-regenerating, diseased
A: retaliatory headbutt, horns 2
a: Minor Destruction, Lesser Servant of Makhleb, Major Destruction, Greater
Servant of Makhleb, Renounce Religion


You were in the Dungeon.
You worshipped Makhleb.
Makhleb was exalted by your worship.
You were not hungry.

You visited 1 branch

Inventory:

Hand Weapons
 a - a +0 war axe
 l - the +∞ Axe of Woe (weapon)
   (You found it in the Dungeon)
Missiles
 d - 3 throwing nets (quivered)
Armour
 b - a +0 leather armour (worn)
 c - a +0 hat (worn)
Scrolls
 k - a scroll of blinking
Potions
 e - a potion of curing
 h - a potion of haste
 i - 2 potions of magic
 j - a potion of berserk rage
Comestibles
 f - a ration


   Skills:
 O Level 27 Fighting
 O Level 27 Axes
 O Level 27 Throwing
 O Level 27 Armour
 O Level 27 Dodging
 O Level 27 Stealth
 O Level 27 Unarmed Combat
 O Level 27 Spellcasting
 O Level 27 Invocations


You had 80 spell levels left.
You didn't know any spells.

Dungeon Overview and Level Annotations

Branches:
Dungeon (1/1)

Altars:
Makhleb


Innate Abilities, Weirdness & Mutations

You reflexively headbutt those who attack you in melee.
You have a pair of horns on your head.


Message History

The tyrant completely misses you.
The sculptor of flesh is engulfed in blazing flames.
The destroyer blinks!
The meat berserker hits you but does no damage.
An orc, a two-headed ogre and 2 hell beasts come into view.
Items here: )) == a +9 battleaxe; a +30 ring of slaying; a +9 triple sword of slicing a +200 ring of slaying You feel much better.
The meat beast bites you!
* * * LOW HITPOINT WARNING * * *
The meat beast tramples you!
* * * LOW HITPOINT WARNING * * *
You hold your ground!
The meat beast is engulfed in blazing flames.
The meat beast completely misses you. The meat beast tramples you!
* * * LOW HITPOINT WARNING * * *
You hold your ground!
The meat beast is engulfed in blazing flames.
The meat berserker hits you with a +9 battleaxe!!!
You die...

.... #.......# .#...
#......O#
Ozo..###.....o.###.
ooOo.....)###W.....
.o#zo..)V%)_o.§o..
#oo.OOOV#)).2.#... .
O.O.o.Vx#_V<)_# ...
#oo§oxO2#x))).#.....
..#OooO@V2)_)oo.....
..Lo%oO2Lx###o......
....o###ozXx...###..
..W.. #zoX§X..#
.W... #o.o...M# ..
oX..X.o... 2
..WXO......
....§oX.....
............#


You could see an accursed, a tentacled monstrosity, 5 meat beasts, 2 tyrants, 5
destroyers, 4 sculptors of flesh, 3 large bags of meat, 6 large abominations, 4
dreads, 9 meat berserkers, 27 bags of meat and 5 crawling corpses.

Vanquished Creatures
  Sigmund (D)
  3 hell beasts (D)
  A greater mummy (D)
  A wraith (D)
  9 vampire knights (D)
  25 ogres (D)
  5 two-headed ogres (D)
  2 liches (D)
  A hydra (D)
  33 orcs (D)
  2 skeletal warriors (D)
  6 large abominations (D)
  5 small abominations (D)
  5 crawling corpses (D)
99 creatures vanquished.

Vanquished Creatures (others)
  4 crawling corpses (D)
4 creatures vanquished.

Grand Total: 103 creatures vanquished

Notes
Turn   | Place    | Note
-------+----------+-------------------------------------------
     0 | D        | Found the +∞ Axe of Woe
     0 | D        | Fang the Minotaur Gladiator began the quest for the Orb.
     0 | D        | Reached XP level 1. HP: 18/18 MP: 0/0
     4 | D        | Became a worshipper of Makhleb the Destroyer
     5 | D        | Noticed a bag of meat
     8 | D        | Noticed a bag of meat
     9 | D        | Noticed a bag of meat
     9 | D        | Noticed a bag of meat
     9 | D        | Killed a bag of meat
     9 | D        | Reached XP level 2. HP: 41/41 MP: 1/1
     9 | D        | Reached XP level 3. HP: 48/48 MP: 2/2
     9 | D        | Reached XP level 4. HP: 56/56 MP: 3/3
     9 | D        | Reached XP level 5. HP: 62/62 MP: 4/4
     9 | D        | Reached XP level 6. HP: 70/70 MP: 5/5
     9 | D        | Reached XP level 7. HP: 77/77 MP: 6/6
     9 | D        | Reached XP level 8. HP: 83/83 MP: 7/7
     9 | D        | Reached XP level 9. HP: 90/90 MP: 8/8
     9 | D        | Reached XP level 10. HP: 97/97 MP: 9/9
     9 | D        | Reached XP level 11. HP: 104/104 MP: 10/10
    11 | D        | Noticed a meat berserker
    11 | D        | Noticed a bag of meat
    11 | D        | Noticed a meat berserker
    11 | D        | Killed a bag of meat
    11 | D        | Reached * piety under Makhleb
    11 | D        | Reached XP level 12. HP: 116/116 MP: 11/11
    12 | D        | Noticed a bag of meat
    13 | D        | Noticed a bag of meat
    13 | D        | Killed a bag of meat
    13 | D        | Reached skill level 15 in Fighting
    13 | D        | Reached XP level 13. HP: 126/126 MP: 12/12
    14 | D        | Noticed a bag of meat
    14 | D        | Noticed a bag of meat
    14 | D        | Noticed a bag of meat
    15 | D        | Noticed a meat berserker
    15 | D        | Noticed a meat berserker
    15 | D        | Noticed a meat berserker
    15 | D        | Killed a meat berserker
    15 | D        | Reached skill level 27 in Axes
    15 | D        | Reached XP level 14. HP: 69/143 MP: 13/13
    15 | D        | Killed a meat berserker
    15 | D        | Reached ** piety under Makhleb
    15 | D        | Reached skill level 27 in Dodging
    15 | D        | Reached XP level 15. HP: 78/163 MP: 14/14
    15 | D        | Killed a meat berserker
    15 | D        | Reached skill level 27 in Fighting
    15 | D        | Reached XP level 16. HP: 183/183 MP: 15/15
    16 | D        | Reached *** piety under Makhleb
    16 | D        | Reached skill level 27 in Throwing
    19 | D        | Killed a meat berserker
    19 | D        | Reached skill level 10 in Unarmed Combat
    19 | D        | Reached XP level 17. HP: 191/191 MP: 15/26
    19 | D        | Killed a meat berserker
    19 | D        | Reached skill level 15 in Armour
    20 | D        | Noticed a meat berserker
    20 | D        | Reached **** piety under Makhleb
    20 | D        | Reached skill level 15 in Unarmed Combat
    20 | D        | Reached skill level 10 in Spellcasting
    20 | D        | Reached XP level 18. HP: 200/200 MP: 15/31
    20 | D        | Reached skill level 15 in Invocations
    21 | D        | Reached skill level 15 in Stealth
    21 | D        | Noticed a large bag of meat
    24 | D        | Killed a meat berserker
    24 | D        | Reached XP level 19. HP: 207/207 MP: 15/36
    25 | D        | Reached ***** piety under Makhleb
    25 | D        | Reached skill level 15 in Spellcasting
    28 | D        | Noticed a meat berserker
    28 | D        | Killed a large bag of meat
    29 | D        | Noticed a meat berserker
    29 | D        | Noticed a meat berserker
    30 | D        | Noticed a large bag of meat
    30 | D        | Noticed an eight-headed meat hydra
    30 | D        | Noticed an eight-headed meat hydra
    33 | D        | Killed a meat berserker
    33 | D        | Reached XP level 20. HP: 214/216 MP: 17/40
    33 | D        | Reached skill level 27 in Armour
    33 | D        | Killed a nine-headed meat hydra
    33 | D        | Reached skill level 27 in Unarmed Combat
    34 | D        | Noticed a destroyer
    34 | D        | Killed a meat berserker
    34 | D        | Reached XP level 21. HP: 224/224 MP: 18/44
    36 | D        | Reached skill level 27 in Stealth
    36 | D        | Reached skill level 27 in Invocations
    42 | D        | Reached ****** piety under Makhleb
    42 | D        | Killed a destroyer
    42 | D        | Reached skill level 27 in Spellcasting
    42 | D        | Reached XP level 22. HP: 233/233 MP: 20/52
    43 | D        | Noticed a destroyer
    43 | D        | Killed a large bag of meat
    45 | D        | Reached XP level 23. HP: 240/240 MP: 21/53
    45 | D        | Killed a destroyer
    48 | D        | Noticed a destroyer
    49 | D        | Noticed an accursed
    49 | D        | Noticed a tyrant
    49 | D        | Noticed a destroyer
    51 | D        | Reached XP level 24. HP: 249/249 MP: 22/53
    55 | D        | Noticed a tyrant
    56 | D        | Noticed a destroyer
    60 | D        | Noticed a destroyer
    60 | D        | Noticed a destroyer
    60 | D        | Noticed a destroyer
    61 | D        | Killed a destroyer
    61 | D        | Reached XP level 25. HP: 257/257 MP: 25/53
    62 | D        | Noticed a large bag of meat
    62 | D        | Noticed a meat beast
    62 | D        | Killed a destroyer
    62 | D        | Reached XP level 26. HP: 266/266 MP: 25/53
    63 | D        | Noticed a large bag of meat
    64 | D        | Noticed a dread
    64 | D        | Killed a tyrant
    64 | D        | Killed a destroyer
    65 | D        | Noticed a destroyer
    66 | D        | Noticed a large bag of meat
    66 | D        | Killed a meat beast
    66 | D        | Reached XP level 27. HP: 239/273 MP: 26/53
    67 | D        | Noticed a tyrant
    68 | D        | Killed a dread
    70 | D        | Noticed The Captor
    70 | D        | Killed a destroyer
    72 | D        | Noticed a destroyer
    72 | D        | Killed a destroyer
    72 | D        | Killed a tyrant
    72 | D        | Killed a destroyer
    74 | D        | Killed an accursed
    74 | D        | Killed a large bag of meat
    75 | D        | Noticed a dread
    75 | D        | Noticed a meat beast
    76 | D        | Noticed a destroyer
    77 | D        | Noticed a meat beast
    77 | D        | Noticed a dread
    77 | D        | Noticed a large bag of meat
    77 | D        | Killed a large bag of meat
    77 | D        | Killed a large bag of meat
    77 | D        | Killed The Captor
    78 | D        | Noticed a meat beast
    78 | D        | Noticed a meat beast
    78 | D        | Noticed a meat beast
    78 | D        | Noticed a large bag of meat
    79 | D        | Noticed an accursed
    79 | D        | Noticed a dread
    79 | D        | Noticed a dread
    79 | D        | Noticed a dread
    79 | D        | Noticed a destroyer
    79 | D        | Killed a meat beast
    79 | D        | Killed a meat beast
    80 | D        | Noticed a destroyer
    80 | D        | Noticed a destroyer
    80 | D        | Killed a destroyer
    81 | D        | Noticed a tyrant
    82 | D        | Noticed a large bag of meat
    82 | D        | Noticed a meat beast
    82 | D        | Noticed a meat beast
    82 | D        | Demolished by a meat berserker

Skill      XL: |  1  2  3  4  5  6  7  8  9 10 11 12 13 14 15 16 17 18 19 20 21 |
---------------+----------------------------------------------------------------+-----
Fighting       | 12 13 15 18 23 27 | 27.0
Axes           | 20 23 25 27 | 27.0
Throwing       | 9 11 12 14 18 21 27 | 27.0
Dodging        | 18 21 23 26 27 | 27.0
Armour         | 11 16 22 26 27 | 27.0
Stealth        | 9 13 18 21 25 27 | 27.0
Unarmed Combat | 10 15 20 25 27 | 27.0
Spellcasting   | 6 10 14 17 20 27 | 27.0
Invocations    | 9 14 19 23 26 27 | 27.0

Action                   |  1- 3 |  4- 6 |  7- 9 | 10-12 | 13-15 | 16-18 | 19-21 | 22-24 | 25-27 || total
-------------------------+-------+-------+-------+-------+-------+-------+-------+-------+-------++-------
Melee: Executioner's axe |     1 |       |       |     2 |     1 |     5 |     8 |    11 |    13 ||    41
  Use: Potion            |       |       |       |       |       |       |       |       |     1 ||     1
Armor: Leather armour    |       |       |       |       |       |       |     2 |       |     5 ||     7
Dodge: Dodged            |       |       |       |       |       |       |     7 |     2 |     4 ||    13
